cohdb
Replays
Latest Replays
All Replays
Popular Replays
Top Player Replays
Match Explorer
How It Works
Community
CoH3 Stats
Reddit
Sign in to upload your games and track your stats! →
Sign in with Steam
Match 45220150
Unlisted
Match 45220150
Overview
Messages
Build Orders
End
Selects Breakthrough Battlegroup
Selects Assault Grenadiers
Construct Infanterie Kompanie
Pioneer Squad
Grenadier Squad
Grenadier Squad
MG 42 Machine Gun Team
Grenadier Squad
Medical Station
Selects Breakthrough
Construct Luftwaffe Kompanie
Infanterie Officer Quarters
GrW 34 Mortar Team
Selects Rapid Production
Support Elements
pagep
7k this year for sure
DIV 250 BigBoss
Soud
0
0
Comments
sign in to comment!
No comments posted yet!